 Dungeon Crawl Stone Soup version 0.28-a0-595-g9f6c0e134a (webtiles) character file.

Game seed: 9787756619865066372

30 zero the Conjurer (level 3, -8/23 HPs)
             Began as an Octopode Conjurer on Oct 4, 2021.
             Mangled by Sigmund (11 damage)
             ... on level 2 of the Dungeon.
             The game lasted 00:02:06 (1810 turns).

zero the Conjurer (Octopode Conjurer)               Turns: 1810, Time: 00:02:06

Health: -8/23      AC:  1    Str:  6    XL:     3   Next: 20%
Magic:  1/6        EV: 13    Int: 21    God:
Gold:   19         SH:  0    Dex: 10    Spells: 4/7 levels left

rFire   . . .      SeeInvis .     - Unarmed
rCold   . . .      Faith    .   (no shield)
rNeg    . . .      Spirit   .   (helmet restricted)
rPois   .          Reflect  .   (no amulet)
rElec   .          Harm     .   (no ring)
rCorr   .          Rampage  .   (no ring)
Will    .....                   (no ring)
Stlth   +++.......              (no ring)
HPRegen 0.07/turn               (no ring)
MPRegen 0.10/turn               (no ring)
                                (no ring)
                                (no ring)

@: flying
A: almost no armour, amphibious, 8 rings, camouflage 1, gelatinous body 1,
(nimble swimmer 1), tentacles
a: no special abilities


You were on level 2 of the Dungeon.
You visited 1 branch of the dungeon, and saw 2 of its levels.

You collected 38 gold pieces.
You spent 19 gold pieces at shops.

Inventory:

Scrolls
 c - a scroll of fear {unknown}
 e - a scroll of amnesia {unknown}
 f - a scroll of identify {unknown}
Potions
 a - a potion of might {unknown}
 b - a potion of curing {unknown}
 d - a potion of flight


   Skills:
 + Level 1.0 Fighting
 - Level 2.0 Dodging
 + Level 3.2 Stealth
 + Level 1.0 Unarmed Combat
 * Level 2.6 Spellcasting
 - Level 4.0 Conjurations


You had 4 spell levels left.
You knew the following spells:

 Your Spells              Type           Power      Damage    Failure   Level
a - Magic Dart            Conj           76%        1d6       2%          1
b - Searing Ray           Conj           38%        2d5       4%          2

Your spell library contained the following spells:

 Spells                   Type           Power      Damage    Failure   Level
 Dazzling Flash           Conj/Hex       22%        N/A       19%         3
 Fulminant Prism          Conj/Hex       5%         3d7       52%         4
 Iskenderun's Mystic Bla  Conj/Tloc      11%        2d4       52%         4


Dungeon Overview and Level Annotations

Branches:
Dungeon (2/15)

Altars:

Shops:
D:2 *

Annotations:
D:2 Sigmund


Innate Abilities, Weirdness & Mutations

You cannot wear most types of armour.
You are amphibious.
You can wear up to eight rings at the same time.
Your skin changes colour to match your surroundings (Stealth+).
Your rubbery body absorbs attacks. (AC +1, EV +1)
((You are camouflaged near water. (Stealth+)))
You have tentacles for arms and can constrict up to eight enemies at once.


Message History

The quokka barely misses you.
A quokka is nearby!
You closely miss the quokka. Your grab misses the quokka.
Your squeeze misses the quokka.
The quokka is heavily wounded.
The quokka barely misses you.
You closely miss the quokka. You grab the quokka. You tentacle-slap the quokka.
The quokka is almost dead.
You constrict the quokka.
You kill the quokka!
Magic restored.
Sigmund the Dreaded comes into view.
He is wielding a +0 scythe of freezing, wearing a +2 robe of willpower and carrying a wand of digging (3).
Sigmund is nearby!
Sigmund is nearby!
Casting: Magic Dart (safe; 2% risk of failure)
Confirm with . or Enter, or press ? or * to list all spells.
Aiming: Searing Ray (safe; 4% risk of failure)
Press: ? - help, Shift-Dir - straight line, f - Sigmund
Aim: Sigmund, wielding a +0 scythe of freezing, wearing a +2 robe of willpower and carrying a wand of digging (3) (asleep, 100% to hit)
The searing ray hits Sigmund.
Sigmund is lightly wounded.
Sigmund shouts! (Press . to maintain the ray.) Sigmund casts a spell.
Sigmund flickers and vanishes!
Deactivating autopickup; reactivate with Ctrl-A.
The searing ray hits something!
Something hits you! Something freezes you.
The searing ray hits something.
You finish channelling your searing ray.
Something hits you.
* * * LOW HITPOINT WARNING * * *
Something freezes you.
* * * LOW HITPOINT WARNING * * *
Casting: Searing Ray (safe; 4% risk of failure)
Confirm with . or Enter, or press ? or * to list all spells.
You don't know that spell.
It was a potion of flight.
You feel very buoyant.
You fly up into the air.
Something hits you!
You die...

#.#.#
#####.#.###
#.........#
#.###.#####
#.#.......#
#.#.#######
#.#.#<..#
#.#.###.#
#@#.....#
#{#######
#.# ..# #.#
###


There were no monsters in sight!

Vanquished Creatures
  An adder (D:2)
  A dart slug (D:1)
  An endoplasm (D:2)
  A giant cockroach (D:1)
  A goblin (D:2)
  A hobgoblin (D:1)
  3 jackals (D:1)
  3 quokkas
  2 ball pythons (D:1)
  4 rats
18 creatures vanquished.

Notes
Turn   | Place    | Note
-------+----------+-------------------------------------------
     0 | D:1      | zero the Octopode Conjurer began the quest for the Orb.
     0 | D:1      | Reached XP level 1. HP: 11/11 MP: 3/3
   396 | D:1      | Reached XP level 2. HP: 9/18 MP: 0/5
   612 | D:1      | Learned a level 2 spell: Searing Ray
  1162 | D:2      | Found Etuezint's Assorted Antiques.
  1212 | D:2      | Bought a lumpy green potion for 19 gold pieces
  1416 | D:2      | Reached skill level 1 in Fighting
  1416 | D:2      | Reached skill level 1 in Unarmed Combat
  1416 | D:2      | Reached XP level 3. HP: 7/23 MP: 0/6
  1800 | D:2      | Noticed Sigmund
  1810 | D:2      | Mangled by Sigmund

Illustrated notes

Levels and vault maps discovered:
D:1:      dpeg_arrival_simpleton_b, layout_loops_ring, minmay_misc_feat_ornament
D:2:      layout_basic, serial_shops, nicolae_shop_window_shopping, uniq_sigmund

Skill      XL: |  1  2 |
---------------+-------+-----
Stealth        | 3 |  3.2
Fighting       | 1 |  1.0
Unarmed Combat | 1 |  1.0
Dodging        | |  2.0
Spellcasting   | |  2.6
Conjurations   | |  4.0

Action                   || total
-------------------------++-------
Melee: Unarmed           ||    28
       Constrict         ||     8
       Tentacles         ||     3
       Punch             ||     1
 Cast: Magic Dart        ||    28
       Searing Ray       ||     2
  Use: Potion            ||     1
 Stab: Sleeping          ||     1
Dodge: Dodged            ||    29

Table legend: (Time is in decaauts)
 A = Elapsed time spent in this place.
 B = Non-inter-level travel time spent in this place.
 C = Inter-level travel time spent in this place.
 D = Time resting spent in this place.
 E = Time spent auto-exploring this place.
 F = Levels seen in this place.
 G = Mean time per level.
                   A        B        C        D        E       F      G
               +--------+--------+--------+--------+--------+-----+--------+
         Total |   1812 |   1737 |     75 |    530 |   1060 |   2 |  906.0 |
       Dungeon |   1812 |   1737 |     75 |    530 |   1060 |   2 |  906.0 |
               +--------+--------+--------+--------+--------+-----+--------+

Top non-repeatable levels by time:
     D:1: 1035 daAuts
     D:2: 777 daAuts
